[Event "Titled Tuesday Blitz August 08 Late 2023"]
[White "Kukavica, Tony"]
[Black "Janaszak, Dawid"]
[WhiteFideId "2062542"]
[BlackFideId "1119206"]
[WhiteElo "2356"]
[BlackElo "2526"]
[Result "0-1"]
[Round "11"]
[TimeControl "180+1"]
[Date "2023.08.08"]
[WhiteClock "0:01:43"]
[BlackClock "0:00:50"]
[Board "59"]

1. Nf3 g6 2. d4 Bg7 3. Bf4 d6 4. e3 Nf6 5. Be2 c5 6. h3 Nc6 7. c3 cxd4 8. exd4 O-O 9. O-O Qb6 10. Qb3 Be6 11. Qxb6 axb6 12. Nbd2 Bxa2 13. b3 Nd5 14. Be3 Nxc3 15. Bd3 Nb4 16. Bc4 b5 17. Rfc1 bxc4 18. Rxc3 cxb3 19. Nxb3 Nd5 20. Rd3 Rfc8 21. Nfd2 Nb4 22. Nc1 Rxc1+ 23. Rxc1 Nxd3 24. Rc7 Bd5 25. Rxe7 Bf6 26. Rd7 Bc6 27. Rxd6 Be7 28. Nc4 Bxd6 29. Nxd6 b5 30. Bd2 b4 31. Bh6 b3 0-1


[Site "https://www.chess.com"]

[Event "Titled Tuesday Blitz August 08 Late 2023"]
[White "Ansh M Shah"]
[Black "UgarteCesar"]
[WhiteFideId "25033379"]
[WhiteElo "2522"]
[BlackElo "2350"]
[Result "1/2-1/2"]
[Round "11"]
[TimeControl "180+1"]
[Date "2023.08.08"]
[WhiteClock "0:00:06"]
[BlackClock "0:00:20"]
[Board "60"]

1. d4 d5 2. c4 e6 3. g3 Nf6 4. Bg2 Nbd7 5. Nf3 dxc4 6. O-O c5 7. Nbd2 cxd4 8. Nxc4 Bc5 9. Nxd4 O-O 10. b3 Nb6 11. Bb2 Nxc4 12. bxc4 Qb6 13. Nb3 Rd8 14. Qc2 Be7 15. Rad1 Bd7 16. Bd4 Qc7 17. Rd2 Ba4 18. Rfd1 h6 19. Be3 Rac8 20. Rxd8+ Rxd8 21. Rxd8+ Bxd8 22. Qd2 b6 23. c5 bxc5 24. Nxc5 Bb5 25. a4 Bc4 26. Ne4 Nxe4 27. Bxe4 Be7 28. Qc2 Bd6 29. Bxa7 Bxe2 30. Qxc7 Bxc7 31. Bc6 Ba5 32. Bc5 f5 33. f4 Kf7 34. Kf2 Bd1 35. Ke3 g5 36. Kd3 Bb3 37. fxg5 hxg5 38. Bb5 g4 39. Ke3 Bd5 40. Kf2 Kf6 41. Bf1 Ke5 42. Bg2 Bb3 43. Bf1 Bxa4 44. Ba6 Bc6 45. Be3 Bc3 46. Bf1 Bd4 47. Bxd4+ Kxd4 48. Be2 e5 49. Ba6 Be4 50. Bc8 Bd3 51. Ke1 Be4 52. Ke2 Bf3+ 53. Kf2 f4 54. h4 fxg3+ 55. Kxg3 e4 56. h5 e3 57. Ba6 e2 58. Bxe2 Bxe2 59. h6 Bd3 60. Kxg4 Bh7 61. Kg5 Ke5 62. Kh5 Kf5 63. Kh4 Kf4 64. Kh5 Kf5 65. Kh4 Kg6 66. Kg4 Kxh6 1/2-1/2


[Site "https://www.chess.com"]

[Event "Titled Tuesday Blitz August 08 Late 2023"]
[White "maksimys18"]
[Black "Domingo Nunez, Alejandro"]
[BlackFideId "22245561"]
[WhiteElo "2474"]
[BlackElo "2514"]
[Result "1-0"]
[Round "11"]
[TimeControl "180+1"]
[Date "2023.08.08"]
[WhiteClock "0:00:07"]
[BlackClock "0:00:00"]
[Board "61"]

1. d4 g6 2. Nf3 Bg7 3. c4 Nf6 4. Nc3 O-O 5. Bg5 d6 6. e3 Nbd7 7. Be2 b6 8. O-O Bb7 9. Qc2 e5 10. d5 a5 11. Rae1 Nc5 12. Nd2 h6 13. Bh4 Bc8 14. f4 exf4 15. exf4 Bf5 16. Qd1 Qd7 17. Nf3 Ng4 18. Qd2 Rfe8 19. h3 Ne3 20. Rf2 Nc2 21. Rc1 Nb4 22. Nd4 Bd3 23. Nb3 Bxe2 24. Nxc5 bxc5 25. Rxe2 Qf5 26. Rce1 Bd4+ 27. Kh1 Rxe2 28. Rxe2 Nd3 29. Nb5 Nxf4 30. Nxd4 cxd4 31. Rf2 Qb1+ 32. Kh2 Nd3 33. Rf3 Ne5 34. Rf2 Qe4 35. Qxh6 Qe3 36. Rf4 Re8 37. Bg5 Qd2 38. h4 1-0


[Site "https://www.chess.com"]

[Event "Titled Tuesday Blitz August 08 Late 2023"]
[White "Gaal, Zsoka"]
[Black "The_Straightforward_Rook"]
[WhiteFideId "777765"]
[WhiteElo "2487"]
[BlackElo "2307"]
[Result "0-1"]
[Round "11"]
[TimeControl "180+1"]
[Date "2023.08.08"]
[WhiteClock "0:00:12"]
[BlackClock "0:00:35"]
[Board "63"]

1. Nf3 Nf6 2. g3 d5 3. Bg2 c5 4. O-O e6 5. b3 Nc6 6. Bb2 Be7 7. c4 d4 8. e3 O-O 9. exd4 cxd4 10. d3 a5 11. Na3 e5 12. Re1 Bd6 13. Nb5 Bb8 14. a3 Re8 15. Qd2 h6 16. b4 axb4 17. axb4 Rxa1 18. Bxa1 Bf5 19. Nh4 Bh7 20. Bb2 Qd7 21. Nf3 e4 22. dxe4 Nxe4 23. Qd1 d3 24. Nfd4 Nxb4 25. Qb3 d2 26. Rd1 Nc6 27. Nxc6 bxc6 28. Nc3 Nxf2 29. Nd5 Nxd1 30. Qxd1 Re1+ 31. Kf2 Rxd1 0-1


[Site "https://www.chess.com"]

[Event "Titled Tuesday Blitz August 08 Late 2023"]
[White "Hng, Mei-En Emmanuelle"]
[Black "Garakov, Mikhael"]
[WhiteFideId "5804566"]
[BlackFideId "4169034"]
[WhiteElo "2299"]
[BlackElo "2487"]
[Result "0-1"]
[Round "11"]
[TimeControl "180+1"]
[Date "2023.08.08"]
[WhiteClock "0:00:00"]
[BlackClock "0:00:30"]
[Board "64"]

1. e4 c5 2. d4 cxd4 3. c3 dxc3 4. Nxc3 Nc6 5. Bc4 g6 6. Nf3 Bg7 7. O-O Nf6 8. e5 Nh5 9. g4 d5 10. Bb5 Bxg4 11. e6 fxe6 12. h3 Bxh3 13. Nd4 O-O 14. Bxc6 bxc6 15. Re1 Qd6 16. Qd3 Bf5 17. Nxf5 exf5 18. Bg5 e5 19. Rad1 e4 20. Qa6 d4 21. Nb5 Qd7 22. Nxd4 f4 23. Qc4+ Qd5 24. Qxc6 Qxc6 25. Nxc6 h6 26. Be7 Rfc8 27. Rd6 Kf7 28. Rxe4 g5 29. b4 Re8 30. Rd7 Kg8 31. Re6 f3 32. b5 Nf4 33. Re4 Rac8 34. Rxa7 Ne2+ 35. Kf1 h5 36. a4 g4 37. a5 Bd4 38. Rb7 g3 39. fxg3 Nxg3+ 40. Ke1 Bc3+ 41. Kf2 Nxe4+ 42. Kxf3 Nd2+ 43. Ke2 Nc4 44. a6 Nd6 45. Rd7 Nxb5 46. a7 Rxc6 47. Rd8 Rxd8 48. Bxd8 Nxa7 0-1


[Site "https://www.chess.com"]

[Event "Titled Tuesday Blitz August 08 Late 2023"]
[White "Fernandez Bustamante, Leancy B."]
[Black "Lopez Idarraga, Daniel Eduardo"]
[WhiteFideId "3523870"]
[BlackFideId "4405501"]
[WhiteElo "2234"]
[BlackElo "2349"]
[Result "0-1"]
[Round "11"]
[TimeControl "180+1"]
[Date "2023.08.08"]
[WhiteClock "0:00:06"]
[BlackClock "0:01:38"]
[Board "65"]

1. e4 c6 2. d4 d5 3. exd5 cxd5 4. Bd3 Nc6 5. c3 Nf6 6. h3 g6 7. Nf3 Bg7 8. O-O O-O 9. Re1 Bf5 10. Bxf5 gxf5 11. Ne5 Nxe5 12. Rxe5 e6 13. Bg5 Qb6 14. Bxf6 Bxf6 15. Re2 Be7 16. Qd3 Kh8 17. Qg3 Qd6 18. Qxd6 Bxd6 19. Nd2 b5 20. a4 a6 21. axb5 axb5 22. Ree1 Kg7 23. Nb3 Kf6 24. Nc5 Bxc5 25. dxc5 f4 26. b4 e5 27. f3 Ke6 28. Kf2 f5 29. g3 fxg3+ 30. Kxg3 f4+ 31. Kf2 Kf5 32. Red1 Ke6 33. Rg1 e4 34. fxe4 dxe4 35. Rxa8 Rxa8 36. Rg7 Ra2+ 37. Kf1 f3 38. Rg8 Ke5 39. c6 e3 40. Re8+ Kf4 41. Kg1 Kg3 42. Rg8+ Kxh3 43. Kh1 Ra1+ 44. Rg1 Rxg1+ 45. Kxg1 f2+ 46. Kf1 Kg3 47. c7 Kf3 48. c8=Q e2# 0-1


[Site "https://www.chess.com"]

[Event "Titled Tuesday Blitz August 08 Late 2023"]
[White "Kula, Robert"]
[Black "Perske, Thore"]
[WhiteFideId "1101218"]
[BlackFideId "12902195"]
[WhiteElo "2270"]
[BlackElo "2523"]
[Result "0-1"]
[Round "11"]
[TimeControl "180+1"]
[Date "2023.08.08"]
[WhiteClock "0:00:00"]
[BlackClock "0:00:57"]
[Board "66"]

1. d4 d5 2. c4 e5 3. dxe5 d4 4. Nf3 Nc6 5. g3 Nge7 6. Bg2 Ng6 7. O-O Ngxe5 8. b3 Be7 9. Bb2 Bf6 10. Nbd2 Nxf3+ 11. Nxf3 O-O 12. a3 a5 13. Rc1 Bf5 14. Qd2 Qd6 15. Rfd1 Rad8 16. Ne1 Rfe8 17. Nd3 Be4 18. f3 Bg6 19. c5 Qe6 20. Nf4 Qxb3 21. Nxg6 hxg6 22. Rb1 Qc4 23. Bf1 Qxc5 24. Rdc1 Qd5 25. Ba1 b6 26. e4 dxe3 27. Qxd5 Rxd5 28. Bxf6 gxf6 29. Rxc6 e2 30. Bxe2 Rxe2 31. Rxc7 Rdd2 32. Rb7 Rg2+ 33. Kf1 Rxh2 34. Kg1 Rdg2+ 35. Kf1 Rxg3 36. R7xb6 Rxf3+ 37. Kg1 Ra2 38. Re1 Raxa3 39. Rb7 Rfe3 40. Rd1 Kg7 41. Rdd7 Kh6 42. Rxf7 f5 43. Rb2 Rg3+ 44. Kh2 Rh3+ 45. Kg2 Rag3+ 46. Kf2 Rh2+ 47. Kxg3 Rxb2 48. Ra7 Ra2 49. Kf4 Ra4+ 50. Ke5 Kg5 51. Ra6 Ra1 52. Ke6 a4 53. Kf7 a3 54. Rxg6+ Kf4 55. Ra6 a2 56. Kf6 Ke4 57. Ra8 f4 58. Re8+ Kd5 59. Ra8 f3 60. Kf5 f2 61. Rd8+ Kc6 62. Rc8+ Kb7 63. Rc1 Rxc1 64. Kf4 f1=Q+ 65. Ke3 Rc3+ 66. Kd4 Qd3+ 67. Ke5 Rc5+ 68. Ke6 Qe4+ 69. Kd7 Rc7+ 70. Kd6 Qe7+ 71. Kd5 Rc5+ 72. Kd4 Qe5+ 73. Kd3 Rc3+ 74. Kd2 Qe3+ 0-1


[Site "https://www.chess.com"]

[Event "Titled Tuesday Blitz August 08 Late 2023"]
[White "KorolDimitriy75"]
[Black "Czerw, Dawid"]
[BlackFideId "1145746"]
[WhiteElo "2402"]
[BlackElo "2512"]
[Result "0-1"]
[Round "11"]
[TimeControl "180+1"]
[Date "2023.08.08"]
[WhiteClock "0:00:00"]
[BlackClock "0:02:02"]
[Board "67"]

1. d4 Nf6 2. c4 c5 3. d5 b5 4. Nd2 bxc4 5. e4 e6 6. Bxc4 exd5 7. exd5 d6 8. Ne2 g6 9. O-O Bg7 10. Nc3 O-O 11. h3 Nbd7 12. Nf3 Nb6 13. Bb3 c4 14. Bc2 Bb7 15. Bg5 h6 16. Bxf6 Qxf6 17. Qd2 Rfe8 18. Rfe1 Re7 19. Rxe7 Qxe7 20. Re1 Qc7 21. Re2 Kh7 22. h4 Bxc3 23. bxc3 Bxd5 24. Nd4 Qd7 25. h5 Re8 26. hxg6+ fxg6 27. Rxe8 Qxe8 28. Qf4 Qe1+ 29. Kh2 Qe5 30. Kg3 Qxf4+ 31. Kxf4 Bxg2 32. f3 Bf1 33. Nb5 Nd5+ 34. Kg3 Bd3 35. Bd1 a6 36. Nxd6 Nxc3 0-1


[Site "https://www.chess.com"]

[Event "Titled Tuesday Blitz August 08 Late 2023"]
[White "Chor, Kevin"]
[Black "Topalov, Aleksandar"]
[WhiteFideId "2090740"]
[BlackFideId "925659"]
[WhiteElo "2507"]
[BlackElo "2382"]
[Result "1-0"]
[Round "11"]
[TimeControl "180+1"]
[Date "2023.08.08"]
[WhiteClock "0:00:07"]
[BlackClock "0:00:00"]
[Board "68"]

1. e4 e6 2. d4 d5 3. Nd2 Nf6 4. e5 Ng8 5. Bd3 Ne7 6. Ngf3 Qd7 7. O-O b6 8. c4 dxc4 9. Be4 Nbc6 10. Nxc4 Bb7 11. Bg5 h6 12. Bh4 g5 13. Bg3 O-O-O 14. Rc1 Kb8 15. Nd6 cxd6 16. exd6 Nd5 17. Ne5 Nxe5 18. Bxe5 Bxd6 19. Bxh8 Rxh8 20. Re1 f5 21. Bd3 Nf4 22. Bf1 Bb4 23. Re3 Rd8 24. Rc4 Bf8 25. a4 Bg7 26. g3 Qd5 27. f3 Nh3+ 28. Kg2 g4 29. Rb4 Ng5 30. Bc4 Qd6 31. Rbb3 Nxf3 32. d5 Nd4 33. Rbd3 Bxd5+ 34. Bxd5 Qxd5+ 35. Kf2 e5 36. a5 b5 37. a6 e4 38. Rd2 Qc5 39. Rc3 Qb6 40. Kf1 Rc8 41. Rxc8+ Kxc8 42. Qc1+ Kb8 43. Rf2 Nf3 44. Qf4+ Be5 45. Qxh6 1-0


[Site "https://www.chess.com"]

[Event "Titled Tuesday Blitz August 08 Late 2023"]
[White "Suarez Pousa, Diego"]
[Black "Jovic, Stanoje"]
[WhiteFideId "2204509"]
[BlackFideId "905020"]
[WhiteElo "2380"]
[BlackElo "2480"]
[Result "0-1"]
[Round "11"]
[TimeControl "180+1"]
[Date "2023.08.08"]
[WhiteClock "0:01:29"]
[BlackClock "0:01:34"]
[Board "69"]

1. e4 c6 2. d4 d5 3. Nc3 dxe4 4. Nxe4 Bf5 5. Ng5 h6 6. Nxf7 Kxf7 7. Nf3 Nf6 8. Ne5+ Kg8 9. g4 Be4 10. f3 Bd5 11. c4 Be6 12. Bd3 Nbd7 13. Ng6 Qb6 14. Qe2 Bf7 15. c5 Qb4+ 16. Kf2 e5 17. Nxe5 Qxd4+ 18. Kg2 Qxe5 19. Qc2 Qxc5 20. Qd2 Ne5 21. Bf5 Qd5 22. Qe2 Nexg4 23. Bc2 Re8 24. Qf1 Ne3+ 25. Bxe3 Rxe3 26. Rd1 Qg5+ 27. Kf2 Bc5 0-1


[Site "https://www.chess.com"]

[Event "Titled Tuesday Blitz August 08 Late 2023"]
[White "Ncatt"]
[Black "Mickiewicz, Piotr"]
[BlackFideId "1114891"]
[WhiteElo "2378"]
[BlackElo "2477"]
[Result "0-1"]
[Round "11"]
[TimeControl "180+1"]
[Date "2023.08.08"]
[WhiteClock "0:00:45"]
[BlackClock "0:00:08"]
[Board "70"]

1. e4 c5 2. Nf3 d6 3. Bb5+ Nd7 4. a4 g6 5. Nc3 Bg7 6. O-O Nf6 7. d4 cxd4 8. Nxd4 O-O 9. Bg5 a6 10. Bc4 Qa5 11. Qd2 Nb6 12. Bb3 Qc5 13. Rfe1 Nc4 14. Qc1 Qxd4 15. Rd1 Qc5 16. Nd5 Nxd5 17. Rxd5 Qc7 18. Bxe7 Qxe7 19. Bxc4 Be6 20. Ra3 Bxd5 21. Bxd5 Rac8 22. Rb3 Rc7 23. c4 Kh8 24. Rh3 a5 25. Qd2 b6 26. b3 Qe5 27. g4 Qa1+ 28. Kg2 Qb2 29. Qf4 Qe5 30. Qe3 g5 31. Qxb6 Re7 32. Rf3 h5 33. Rf5 Qd4 34. Qxd6 Rxe4 35. h3 Rxg4+ 36. hxg4 Qxg4+ 37. Kf1 Qxf5 38. Qe7 g4 39. Qc7 Bd4 40. f3 gxf3 41. Qe7 Qd3+ 42. Ke1 f2# 0-1


[Site "https://www.chess.com"]

[Event "Titled Tuesday Blitz August 08 Late 2023"]
[White "Swicarz, Maciej"]
[Black "Harish, Neeraj"]
[WhiteFideId "1113585"]
[BlackFideId "30958130"]
[WhiteElo "2432"]
[BlackElo "2342"]
[Result "1-0"]
[Round "11"]
[TimeControl "180+1"]
[Date "2023.08.08"]
[WhiteClock "0:00:47"]
[BlackClock "0:00:15"]
[Board "71"]

1. c4 e6 2. Nc3 d5 3. d4 h6 4. cxd5 exd5 5. Bf4 Nf6 6. e3 Bd6 7. Bxd6 Qxd6 8. Bd3 O-O 9. Nge2 Be6 10. Qb3 Nc6 11. a3 Ne7 12. Rc1 Qd7 13. O-O c6 14. Na4 Rab8 15. Nf4 Bf5 16. Nc5 Qc8 17. Bxf5 Nxf5 18. Qc2 Nd6 19. b3 Re8 20. Nfd3 Qd8 21. Ne5 Nfe4 22. Nxe4 Nxe4 23. b4 f6 24. Nd3 Nd6 25. a4 Nc4 26. b5 cxb5 27. axb5 a5 28. bxa6 bxa6 29. Rb1 Qd6 30. Nc5 a5 31. Rxb8 Rxb8 32. Rb1 Na3 33. Rxb8+ Qxb8 34. Qa2 Qb4 35. Qxd5+ Kh8 36. g3 Nc4 37. Qa8+ Kh7 38. Qe4+ Kh8 39. Qe8+ Kh7 40. Ne6 Qe1+ 41. Kg2 Nxe3+ 42. fxe3 Qe2+ 43. Kh3 Qf1+ 44. Kg4 Qe2+ 45. Kf4 Qf2+ 46. Ke4 Qg2+ 47. Kd3 Qf1+ 48. Kc3 Qe1+ 49. Kc4 Qb4+ 50. Kd5 Qb3+ 51. Kd6 Qb4+ 52. Nc5 Qb6+ 53. Ke7 Qc7+ 54. Qd7 Qxd7+ 55. Kxd7 a4 56. Nxa4 1-0


[Site "https://www.chess.com"]

[Event "Titled Tuesday Blitz August 08 Late 2023"]
[White "Ladan, Nicholas"]
[Black "Ai, Evan"]
[WhiteFideId "30918855"]
[BlackFideId "2094770"]
[WhiteElo "2429"]
[BlackElo "2343"]
[Result "1-0"]
[Round "11"]
[TimeControl "180+1"]
[Date "2023.08.08"]
[WhiteClock "0:00:03"]
[BlackClock "0:00:04"]
[Board "72"]

1. d4 Nf6 2. Bg5 d5 3. Nd2 Bf5 4. e3 e6 5. Ngf3 Nbd7 6. Nh4 Bg6 7. Nxg6 hxg6 8. f4 Be7 9. Bd3 c5 10. c3 Rc8 11. O-O a6 12. a4 Qb6 13. Ra2 c4 14. Bc2 Ng8 15. Nf3 Qc7 16. a5 Nh6 17. Ba4 Nf5 18. Ne5 Rd8 19. Nxd7 Rxd7 20. Bxe7 Nxe3 21. Qf3 Nxf1 22. Bc5 Nd2 23. Qe2 Ne4 24. Bb6 Qxf4 25. g3 Qc1+ 26. Qf1 Qe3+ 27. Kg2 Qd2+ 28. Kf3 Rxh2 29. Bxd7+ Kxd7 30. b4 Rf2+ 31. Qxf2 Qd3+ 32. Qe3 Qf1+ 33. Rf2 Qd1+ 34. Qe2 Qh1+ 35. Rg2 Ng5+ 36. Kf2 Ne4+ 37. Ke3 Qc1+ 38. Kf3 Qxc3+ 39. Qe3 Qa1 40. Qf4 Qd1+ 41. Re2 Qf1+ 42. Kg4 Qxe2+ 43. Kh3 Qh5+ 44. Kg2 Qf5 45. Qc7+ Ke8 46. Qd8# 1-0


[Site "https://www.chess.com"]

[Event "Titled Tuesday Blitz August 08 Late 2023"]
[White "Stachanczyk, Jacek"]
[Black "Salazar Farias, Luis German"]
[WhiteFideId "1116657"]
[BlackFideId "3902170"]
[WhiteElo "2340"]
[BlackElo "2428"]
[Result "0-1"]
[Round "11"]
[TimeControl "180+1"]
[Date "2023.08.08"]
[WhiteClock "0:00:08"]
[BlackClock "0:00:06"]
[Board "73"]

1. d4 Nf6 2. c4 e6 3. Nf3 d5 4. g3 Bb4+ 5. Bd2 Be7 6. Bg2 O-O 7. O-O c6 8. Qc2 a5 9. Bf4 Nbd7 10. Nbd2 Nh5 11. Be3 b6 12. cxd5 cxd5 13. Rac1 Ba6 14. Rfe1 Rc8 15. Qb1 Rxc1 16. Qxc1 Qa8 17. g4 Rc8 18. Qb1 Nhf6 19. h3 Bd6 20. Bg5 Qc6 21. e4 dxe4 22. Ne5 Nxe5 23. dxe5 Bxe5 24. Nxe4 Qc2 25. Nxf6+ gxf6 26. Be3 Qxb1 27. Rxb1 b5 28. b4 axb4 29. Rxb4 Kg7 30. Bf1 Rc2 31. Bxb5 Bxb5 32. Rxb5 Rxa2 33. Rb7 Ra4 34. Kg2 Bd4 35. Bxd4 Rxd4 36. Rb5 Rd7 37. Rb3 Kg6 38. Kg3 Rd5 39. Re3 f5 40. Re1 fxg4 41. hxg4 h5 42. gxh5+ Rxh5 43. Kf4 Rf5+ 44. Kg3 Kf6 45. Rc1 Rg5+ 46. Kf3 Re5 47. Kg3 Rf5 48. Rc2 Ke5 49. Rb2 Kd6 50. Rd2+ Ke7 51. Ra2 Kf8 52. Rb2 Kg7 53. Ra2 e5 54. Rb2 Rf4 55. Re2 f6 56. Rb2 Kg6 57. Rc2 Kf5 58. Rd2 Ra4 59. Re2 Ra3+ 60. Kg2 Kf4 61. Rb2 Ra8 62. Rc2 Rg8+ 63. Kf1 e4 64. Rc3 f5 65. Rb3 Rh8 66. Kg2 Rg8+ 67. Kf1 Rd8 68. Kg2 Rd3 69. Rb4 Rd2 70. Ra4 Rc2 71. Ra3 Rc8 72. Ra4 Rc7 73. Kf1 Rg7 74. Ra3 Rg4 75. Rb3 Rh4 76. Ra3 Kg4 77. Kg2 f4 78. Ra4 f3+ 79. Kg1 Kf4 80. Ra8 Rh5 81. Rf8+ Rf5 82. Re8 Rg5+ 83. Kf1 Ra5 84. Rf8+ Ke5 85. Re8+ Kd4 86. Rd8+ Rd5 87. Re8 Rc5 88. Rd8+ Ke5 89. Re8+ Kf5 90. Rf8+ Kg6 91. Kg1 Rg5+ 92. Kf1 Rh5 93. Kg1 Rf5 94. Re8 Rf4 95. Kh2 Kf5 96. Rf8+ Ke5 97. Re8+ Kd4 98. Rd8+ Kc4 99. Kg3 Rf7 100. Re8 Kd3 101. Rd8+ Ke2 102. Ra8 Rg7+ 103. Kf4 Kxf2 104. Ra2+ Kg1 105. Kxe4 f2 106. Kf3 f1=Q+ 0-1


[Site "https://www.chess.com"]

[Event "Titled Tuesday Blitz August 08 Late 2023"]
[White "Andrews, Todd"]
[Black "Vaglio Munoz, Jaime"]
[WhiteFideId "2012456"]
[BlackFideId "6500145"]
[WhiteElo "2386"]
[BlackElo "2260"]
[Result "1-0"]
[Round "11"]
[TimeControl "180+1"]
[Date "2023.08.08"]
[WhiteClock "0:00:18"]
[BlackClock "0:00:52"]
[Board "74"]

1. e4 c5 2. Nf3 Qa5 3. Nc3 a6 4. d3 b5 5. Bd2 Bb7 6. g3 b4 7. Ne2 Qc7 8. Bg2 d6 9. O-O Nf6 10. Nh4 Nbd7 11. f4 g6 12. Kh1 Bg7 13. f5 Ne5 14. Qc1 d5 15. Bh6 Bxh6 16. Qxh6 dxe4 17. fxg6 fxg6 18. d4 cxd4 19. Nxd4 Qb6 20. Rad1 O-O-O 21. c3 Neg4 22. Qc1 e5 23. cxb4+ Kb8 24. Nb3 Nf2+ 25. Rxf2 Qxf2 26. Rf1 Qb6 27. Nc5 Rc8 28. Qd2 Qxb4 29. Qxb4 Rxc5 30. Qxc5 Ng4 31. Qd6+ Ka8 32. Rf7 Rc8 33. Rc7 Rb8 34. h3 Ne3 35. Kh2 Nxg2 36. Nxg2 e3 37. Nxe3 e4 38. Qb6 h5 39. Nc4 h4 40. Na5 hxg3+ 41. Kxg3 e3 42. Rxb7 Rxb7 43. Qxb7# 1-0


[Site "https://www.chess.com"]

[Event "Titled Tuesday Blitz August 08 Late 2023"]
[White "Jimenez Martinez, Jose Vicente"]
[Black "Davidson, Kevin"]
[WhiteFideId "2264021"]
[BlackFideId "2056810"]
[WhiteElo "2600"]
[BlackElo "2365"]
[Result "1-0"]
[Round "11"]
[TimeControl "180+1"]
[Date "2023.08.08"]
[WhiteClock "0:02:09"]
[BlackClock "0:00:00"]
[Board "75"]

1. d4 Nf6 2. c4 g6 3. Nc3 Bg7 4. e4 d6 5. f3 O-O 6. Be3 Nc6 7. Nge2 a6 8. Qd2 Rb8 9. Nc1 e5 10. d5 Nd4 11. Nb3 Nxb3 12. axb3 c5 13. b4 cxb4 14. Na4 b5 15. Qxb4 Bd7 16. cxb5 Bxb5 17. Bxb5 Rxb5 18. Qd2 Qb8 19. O-O Nh5 20. Rfc1 f5 21. Rc6 fxe4 22. fxe4 Nf6 23. Qd3 Rb3 24. Rc3 Rxc3 25. bxc3 Qb3 26. h3 Rc8 27. Qxa6 Qc4 28. Nb6 Qxa6 29. Rxa6 Rxc3 30. Ra8+ Kf7 31. Ra7+ Kg8 32. Bd2 Rc2 33. Bb4 Nxe4 34. Ra8+ Kf7 35. Nc8 Bf8 36. Ra7+ Kg8 37. Ra8 Kf7 38. Nb6 Rb2 39. Nd7 Rxb4 40. Nxf8 Rd4 41. Nxh7 1-0


[Site "https://www.chess.com"]

[Event "Titled Tuesday Blitz August 08 Late 2023"]
[White "Sam, Gabriel"]
[Black "Polaczek, Richard"]
[WhiteFideId "75000776"]
[BlackFideId "200026"]
[WhiteElo "2483"]
[BlackElo "2355"]
[Result "1/2-1/2"]
[Round "11"]
[TimeControl "180+1"]
[Date "2023.08.08"]
[WhiteClock "0:00:05"]
[BlackClock "0:00:03"]
[Board "76"]

1. e4 Nf6 2. e5 Nd5 3. d4 d6 4. Nf3 g6 5. Be2 Bg7 6. exd6 cxd6 7. O-O O-O 8. c4 Nb6 9. Nc3 Nc6 10. h3 Bf5 11. b3 d5 12. c5 Nc8 13. Bb2 Be4 14. Re1 Bxf3 15. Bxf3 e6 16. Ne2 N8e7 17. Bc3 Nf5 18. b4 a6 19. a4 Nh4 20. Qd3 Nxf3+ 21. Qxf3 b5 22. Qd3 Rb8 23. axb5 axb5 24. Ra6 Qc7 25. Rea1 Rfd8 26. f4 Ne7 27. Ra7 Rb7 28. Rxb7 Qxb7 29. Ra5 Rb8 30. Qb1 Nc6 31. Ra2 Ra8 32. Qa1 Rxa2 33. Qxa2 h5 34. Kf2 Bf6 35. Kf3 Kg7 36. g4 hxg4+ 37. hxg4 Be7 38. Qd2 Qa6 39. f5 Qa4 40. Ng3 Qb3 41. Qe3 Nxb4 42. fxe6 Nc2 43. Qd3 Nb4 44. Qd2 Na2 45. Ne2 Nxc3 46. Qxc3 Qd1 47. Qe3 Qh1+ 48. Kf2 Bh4+ 49. Ng3 Qh2+ 50. Kf1 Bxg3 51. exf7 Qh1+ 52. Ke2 Qe1+ 53. Kd3 Qd1+ 54. Kc3 Qa1+ 55. Kb3 Qb1+ 56. Ka3 Qa1+ 57. Kb3 Qa4+ 58. Kb2 Qb4+ 59. Kc2 Qc4+ 60. Kb2 Qb4+ 61. Kc2 Qa4+ 62. Kb2 Qb4+ 1/2-1/2


[Site "https://www.chess.com"]

[Event "Titled Tuesday Blitz August 08 Late 2023"]
[White "JERO-8914"]
[Black "Pavlidou, Ekaterini"]
[BlackFideId "4213262"]
[WhiteElo "2440"]
[BlackElo "2351"]
[Result "1-0"]
[Round "11"]
[TimeControl "180+1"]
[Date "2023.08.08"]
[WhiteClock "0:00:05"]
[BlackClock "0:01:20"]
[Board "77"]

1. c4 e5 2. Nc3 Nc6 3. Nf3 g6 4. d4 exd4 5. Nxd4 Bg7 6. Nc2 Nge7 7. e4 d6 8. Be2 O-O 9. O-O Be6 10. Bd2 Ne5 11. b3 f5 12. f4 Nf7 13. Rc1 Bxc3 14. Bxc3 fxe4 15. Ne3 c6 16. Qd4 Ne5 17. fxe5 d5 18. Bg4 Nf5 19. Bxf5 gxf5 20. cxd5 cxd5 21. Bb4 Rf7 22. Bd6 Qg5 23. Nxd5 Rg7 24. Nf4 Re8 25. g3 h5 26. Nxe6 Rxe6 27. Rc8+ Kh7 28. Rf8 h4 29. R8xf5 Qh6 30. Qxe4 Reg6 31. R1f4 hxg3 32. Rh4 gxh2+ 33. Kf2 Rg2+ 34. Ke1 h1=Q+ 35. Rxh1 Qxh1+ 36. Rf1+ R7g6 37. Rxh1+ Kg7 38. Qxb7+ Kg8 39. Qc8+ Kf7 40. Qd7+ Kg8 41. Qe8+ Kg7 42. Qf8# 1-0


[Site "https://www.chess.com"]

[Event "Titled Tuesday Blitz August 08 Late 2023"]
[White "Guerrero Vargas, Andres Jesus"]
[Black "Beulen, Marcel"]
[WhiteFideId "3902048"]
[BlackFideId "1001450"]
[WhiteElo "2427"]
[BlackElo "2345"]
[Result "0-1"]
[Round "11"]
[TimeControl "180+1"]
[Date "2023.08.08"]
[WhiteClock "0:00:07"]
[BlackClock "0:00:02"]
[Board "78"]

1. e4 d5 2. exd5 Qxd5 3. Nc3 Qa5 4. d4 Nf6 5. Bc4 Bg4 6. f3 Bd7 7. Bd2 Qb6 8. Nge2 e6 9. O-O Be7 10. Kh1 O-O 11. d5 exd5 12. Nxd5 Nxd5 13. Bxd5 Bc6 14. Bb3 Na6 15. Bc3 Rad8 16. Qe1 Bb4 17. Qh4 Bxc3 18. Nxc3 Nc5 19. Rad1 Rxd1 20. Rxd1 Nxb3 21. axb3 h6 22. Rd8 Rxd8 23. Qxd8+ Kh7 24. Qd3+ Kg8 25. h3 Qf2 26. Kh2 Qe1 27. Qd8+ Kh7 28. Qxc7 Qd2 29. Qxf7 Qxc2 30. Ne4 Bxe4 31. fxe4 Qxe4 32. Qf8 a6 33. Qf7 Qe5+ 34. Kh1 b5 35. Qf2 Qd5 36. Qc2+ Kg8 37. Kg1 a5 38. Kf1 Kh8 39. Ke1 b4 40. Qd2 Qxb3 41. h4 a4 42. h5 a3 43. bxa3 bxa3 44. Qe2 Qb1+ 45. Kf2 Qb2 0-1


[Site "https://www.chess.com"]

[Event "Titled Tuesday Blitz August 08 Late 2023"]
[White "Bogaudinov, Rushan"]
[Black "Ortmann, David"]
[WhiteFideId "4129288"]
[BlackFideId "4651588"]
[WhiteElo "2412"]
[BlackElo "2323"]
[Result "0-1"]
[Round "11"]
[TimeControl "180+1"]
[Date "2023.08.08"]
[WhiteClock "0:00:02"]
[BlackClock "0:00:06"]
[Board "79"]

1. Nf3 d5 2. d4 Nf6 3. g3 Bf5 4. Bg2 e6 5. O-O c6 6. b3 Nbd7 7. Bb2 h6 8. c4 Be7 9. Nc3 O-O 10. Ne5 Nxe5 11. dxe5 Nd7 12. e4 dxe4 13. Nxe4 Qc7 14. Nd6 Bg6 15. b4 Rfd8 16. c5 b6 17. Rc1 bxc5 18. bxc5 Rab8 19. Bd4 Qa5 20. Bxc6 Nf8 21. Qa4 Qd2 22. Rfd1 Qe2 23. Qxa7 Bg5 24. Ra1 Rb4 25. h4 Bxh4 26. gxh4 Qg4+ 27. Kf1 Rxd4 28. Rxd4 Qxd4 29. Re1 Qxh4 30. Bg2 Qh2 31. c6 Bd3+ 32. Re2 Bxe2+ 33. Kxe2 Qxe5+ 34. Ne4 f5 35. f4 Qb5+ 36. Kf2 fxe4 37. Bxe4 Qb2+ 38. Kf3 Qc3+ 39. Qe3 Qxe3+ 40. Kxe3 Kf7 41. a4 Ke7 42. a5 Kd6 43. a6 Ra8 44. c7 Rc8 45. a7 Kxc7 46. a8=Q Rxa8 47. Bxa8 Kd6 48. Be4 Ke7 49. Kf3 Kf6 50. Kg4 Ng6 51. Bc2 Ne7 52. Be4 Nd5 53. Bb1 g6 54. Kf3 h5 55. Be4 Ne7 56. Bd3 Nf5 57. Bb1 Nh6 58. Bc2 Ng4 59. Bb1 e5 60. fxe5+ Nxe5+ 61. Kf4 g5+ 62. Kg3 Nf7 63. Bc2 Nh6 64. Kh3 h4 65. Bd1 Ke5 66. Be2 Kf4 67. Bd1 Ng8 68. Bb3 Nf6 69. Bd1 Ne4 70. Be2 Nf2+ 71. Kg2 Ke3 72. Bh5 Ne4 73. Kh3 Kf4 74. Bg4 Nf6 75. Bd1 Nd5 76. Kh2 Ne3 77. Be2 g4 78. Kg1 Kg3 79. Bb5 Nf5 80. Bc6 Nd4 81. Bd5 Nf3+ 82. Kh1 Kf2 83. Be6 g3 84. Bh3 Ne1 85. Bf1 g2+ 86. Kh2 h3 87. Bxg2 hxg2 88. Kh3 g1=Q 89. Kh4 Nf3+ 90. Kh3 Qg3# 0-1


[Site "https://www.chess.com"]